 Dungeon Sprint DCSS version 0.19.1-1-g22dce08 (webtiles) character file.

230 Angani the Gusty (level 5, -3/38 HPs)
             Began as a Draconian Air Elementalist on Jan 19, 2017.
             Was a Follower of Vehumet.
             Slain by a yak (18 damage)
             ... in the Dungeon (Sprint IX: "|||||||||||||||||||||||||||||").
             The game lasted 00:02:45 (405 turns).

Angani the Gusty (Draconian Air Elementalist)        Turns: 405, Time: 00:02:45

Health: -3/38      AC:  8    Str: 13    XL:     5   Next: 72%
Magic:  4/14       EV: 12    Int: 16    God:    Vehumet [*.....]
Gold:   0          SH:  0    Dex: 12    Spells: 2 memorised, 13 levels left

rFire  . . .     SeeInvis .     m - staff of energy
rCold  . . .     Gourm    .     (armour unavailable)
rNeg   . . .     Faith    .     (no shield)
rPois  .         Spirit   .     (helmet restricted)
rElec  .         Reflect  .     n - +0 cloak
rCorr  .         Harm     .     (no gloves)
MR     .....     NoTele   +     (no boots)
Stlth  ++........               (no amulet)
                                p - +3 ring of strength
                                o - +2 ring of protection

@: very slightly contaminated
A: unfitting armour, cold-blooded, AC +5
a: Renounce Religion


You were in the Dungeon.
You worshipped Vehumet.
Vehumet was aware of your devotion.
You were not hungry.

You visited 1 branch

Inventory:

Hand Weapons
 d - a +0 flail
Armour
 n - a +0 cloak (worn)
Magical Staves
 m - an uncursed staff of energy (weapon)
Jewellery
 o - a +2 ring of protection (left hand)
 p - a +3 ring of strength (right hand)
Wands
 l - a wand of iceblast (7/15)
Scrolls
 h - 2 scrolls of blinking
 j - 3 scrolls of remove curse
 k - 2 scrolls of amnesia
Potions
 c - a potion of curing
 e - a potion of haste
 f - 3 potions of magic
 g - a potion of invisibility
 i - 2 potions of heal wounds
Books
 a - a book of Air

   Spells                             Type                      Level
   a - Shock                          Conjuration/Air              1
   b - Swiftness                      Charms/Air                   2
   c - Repel Missiles                 Charms/Air                   2
   d - Static Discharge               Conjuration/Air              3
   e - Lightning Bolt                 Conjuration/Air              5
Comestibles
 b - a bread ration


   Skills:
 - Level 1.7 Dodging
 - Level 1.7 Stealth
 + Level 6.6 Spellcasting
 + Level 6.8 Conjurations
 + Level 7.5 Air Magic


You had 13 spell levels left.
You knew the following spells:

 Your Spells              Type           Power        Failure   Level  Hunger
a - Shock                 Conj/Air       ####         1%          1    None
b - Static Discharge      Conj/Air       ####....     1%          3    None


Dungeon Overview and Level Annotations

Branches:
Dungeon (1/1)

Altars:
Cheibriados
Dithmenos
Elyvilon
Fedhas
Gozag
Hepliaklqana
Kikubaaqudgha
Makhleb
Nemelex Xobeh
Okawaru
Qazlal
Ru
Sif Muna
Trog
Uskayaw
Vehumet
Xom
Yredelemnul
Zin
The Shining One
Beogh
Jiyva
Lugonu


Innate Abilities, Weirdness & Mutations

Your plain brown scales are hard. (AC +5)
You cannot fit into any form of body armour.
You are cold-blooded and may be slowed by cold attacks.


Message History

Unknown command.
Unknown command.
Casting: Static Discharge
Confirm with . or Enter, or press ? or * to list all spells.
Aiming: Shock
Press: ? - help, Shift-Dir - straight line, f/p - crimson imp
Aim: a crimson imp (severely wounded)
The zap hits the yak.
The yak is moderately wounded.
The zap hits the crimson imp.
You kill the crimson imp!
Vehumet accepts your kill.
You feel your power returning. The yak gores you!
* * * LOW HITPOINT WARNING * * *
Unknown command.
Unknown command.
You feel better. The yak gores you!
* * * LOW HITPOINT WARNING * * *
You feel better. The yak gores you!!
You die... ▓▓▓▓▓▓▓▓▓▓▓▓▓▓▓▓▓▓▓▓▓▓▓▓ ......Y@.[[.)...'.______ ▓▓▓▓▓▓▓▓▓▓▓▓▓▓▓▓▓▓▓▓▓▓▓▓

You could see a yak.

Vanquished Creatures
  A centaur (D)
  2 crimson imps (D)
  A quasit (D)
  A worker ant (D)
  A gnoll (D)
  A worm (D)
  A leopard gecko (D)
  A giant cockroach (D)
  A bat (D)
  A frilled lizard (D)
  A giant cockroach zombie (D)
  A leopard gecko zombie (D)
  2 rats (D)
15 creatures vanquished.

Notes
Turn   | Place    | Note
-------+----------+-------------------------------------------
     0 | D        | Angani the Draconian Air Elementalist began the quest for the Orb.
     0 | D        | Reached XP level 1. HP: 14/14 MP: 3/3
    53 | D        | Noticed a worker ant
    58 | D        | Reached skill level 4 in Air Magic
    58 | D        | Reached XP level 2. HP: 20/20 MP: 0/6
    81 | D        | Reached XP level 3. HP: 7/26 MP: 1/8
   333 | D        | Learned a level 3 spell: Static Discharge
   336 | D        | Found a roughly hewn altar of Beogh.
   336 | D        | Found a snail-covered altar of Cheibriados.
   336 | D        | Found a shadowy altar of Dithmenos.
   336 | D        | Found a white marble altar of Elyvilon.
   336 | D        | Found a blossoming altar of Fedhas.
   336 | D        | Found an opulent altar of Gozag.
   337 | D        | Found a hazy altar of Hepliaklqana.
   338 | D        | Found a viscous altar of Jiyva.
   339 | D        | Found an ancient bone altar of Kikubaaqudgha.
   340 | D        | Found a corrupted altar of Lugonu.
   341 | D        | Found a burning altar of Makhleb.
   342 | D        | Found a sparkling altar of Nemelex Xobeh.
   343 | D        | Found an iron altar of Okawaru.
   344 | D        | Found a stormy altar of Qazlal.
   345 | D        | Found a sacrificial altar of Ru.
   346 | D        | Found a deep blue altar of Sif Muna.
   347 | D        | Found a bloodstained altar of Trog.
   348 | D        | Found a hide-covered altar of Uskayaw.
   349 | D        | Found a radiant altar of Vehumet.
   350 | D        | Found a shimmering altar of Xom.
   351 | D        | Found a basalt altar of Yredelemnul.
   352 | D        | Found a glowing silver altar of Zin.
   353 | D        | Found a glowing golden altar of the Shining One.
   357 | D        | Became a worshipper of Vehumet
   389 | D        | Noticed a yak
   389 | D        | Noticed a centaur
   398 | D        | Reached skill level 5 in Air Magic
   398 | D        | Reached XP level 4. HP: 22/33 MP: 1/10
   402 | D        | Killed a centaur
   402 | D        | Reached * piety under Vehumet
   402 | D        | Offered knowledge of Sting by Vehumet.
   402 | D        | Reached skill level 5 in Spellcasting
   402 | D        | Reached skill level 6 in Air Magic
   402 | D        | Reached XP level 5. HP: 20/38 MP: 4/13
   402 | D        | Reached skill level 7 in Air Magic
   405 | D        | Slain by a yak

Skill      XL: |  1  2  3  4  5 |
---------------+----------------+-----
Conjurations   | 2 3 4 6 |  6.8
Spellcasting   | 3 4 5 6 |  6.6
Air Magic      | 4 5 6 7 |  7.5
Dodging        | |  1.7
Stealth        | |  1.7

Action                   |  1- 3 |  4- 6 || total
-------------------------+-------+-------++-------
Melee: Unarmed           |     9 |       ||     9
       Tailslap          |     1 |       ||     1
 Cast: Shock             |    13 |     3 ||    16
       Static Discharge  |       |     2 ||     2
  Use: Potion            |     4 |     3 ||     7
Armor: Skin              |     5 |     2 ||     7
Dodge: Dodged            |     8 |     6 ||    14
